AoeStats
← Carls3819

Arabia

510464399Analyzed
1v1 RM · 2d ago on Oct 1, 2026· 57m 44s· 2 players
Game mode
Random Map
Map size
Tiny (2 player)
Population
200
Speed
Normal
Resources
Standard
Victory
Conquest
Starting age
Dark Age
Ending age
Imperial Age
RankedLock teamsTeams togetherTeam positionsShared explorationLock speedFull tech treeHidden civsTurbo modeCheats
Victory
Defeat
🇨🇴 Portuguese · Colombia
542
+20
🇦🇷 Byzantines · Argentina
640
-20
Carls3819
0:32 Loom
14:20 Feudal Age
14:44 Horse Collar
14:52 Double-Bit Axe
20:23 Castle Age
18:50 Arson
19:05 Stone Mining
19:05 Gold Mining
21:22 Bow Saw
21:17 Heavy Plow
23:54 Treadmill Crane
24:24 Pikeman
24:49 Gambesons
24:25 Man-at-Arms
30:27 Wheelbarrow
30:17 Murder Holes
31:34 Scale Mail Armor
31:34 Padded Archer Armor
36:15 Imperial Age
38:41 Two-Man Saw
39:05 Conscription
39:55 Chemistry
41:30 Elite Organ Gun
43:20 Crop Rotation
42:51 Long Swordsman
42:52 Halberdier
44:36 Chain Mail Armor
44:32 Forging
44:52 Two-Handed Swordsman
49:35 Siege Engineers
50:44 Leather Archer Armor
50:23 Fletching
51:03 Plate Mail Armor
51:08 Iron Casting
59:22 Blast Furnace
58:18 Bodkin Arrow
58:53 Ring Archer Armor
Sn4ke!
9:11 Loom
10:59 Feudal Age
12:24 Double-Bit Axe
12:28 Horse Collar
15:28 Wheelbarrow
19:48 Stone Mining
19:49 Gold Mining
21:39 Wheelbarrow
21:45 Man-at-Arms
25:29 Castle Age
26:55 Husbandry
27:20 Hand Cart
27:22 Bow Saw
29:56 Scale Barding Armor
30:07 Forging
30:55 Gambesons
31:16 Squires
33:52 Arson
36:12 Gold Shaft Mining
37:14 Heavy Plow
37:10 Fletching
37:21 Padded Archer Armor
37:57 Iron Casting
37:42 Chain Barding Armor
37:22 Scale Mail Armor
41:08 Imperial Age
40:37 Fervor
42:29 Sanctity
43:08 Conscription
43:32 Hoardings
43:46 Guilds
43:06 Elite Varangian Guard
44:28 Chain Mail Armor
45:15 Redemption
45:27 Cavalier
46:58 Treadmill Crane
48:19 Chemistry
49:29 Crop Rotation
50:01 Two-Man Saw
53:09 Plate Barding Armor
52:21 Elite Cataphract
52:29 Paladin
53:16 Capped Ram
55:50 Plate Mail Armor
57:21 Leather Archer Armor
57:02 Bodkin Arrow
56:37 Capped Ram
Connection lost

Rejoining the realm…

Still unreachable

The connection could not be restored.

Session expired

The server has moved on; the page needs a fresh start.